 Dungeon Crawl Stone Soup version 0.22-a0-379-ga9d99d6 (webtiles) character file.

362413 erloom the Metallomancer (level 21, -19/239 HPs)
             Began as a Grey Draconian Transmuter on Apr 26, 2018.
             Was the Champion of Vehumet.
             Demolished by a stone giant simulacrum (46 damage)
             ... animated by a necromancer
             ... on level 2 of the Depths on Apr 28, 2018.
             The game lasted 04:02:13 (51128 turns).

erloom the Metallomancer (DrTm)                    Turns: 51128, Time: 04:02:14

Health: -19/239    AC: 31    Str: 18    XL:     21   Next: 52%
Magic:  40/40      EV: 17    Int: 23    God:    Vehumet [******]
Gold:   233        SH: 14    Dex: 13    Spells: 7/51 levels left

rFire    + . .     SeeInvis .     - Unarmed
rCold    . . .     Gourm    .   L - +2 shield {reflect}
rNeg     + . .     Faith    .   (armour unavailable)
rPois    ∞         Spirit   .   P - +1 hat {MR+}
rElec    +         Reflect  +   I - +1 cloak of Fun {Regen+ Slay+5}
rCorr    .         Harm     .   (gloves currently unavailable)
MR       +++..                  (boots currently unavailable)
Stlth    +.........             W - amulet of regeneration
HPRegen  2.29/turn              E - ring of Sunlight {rF+ Str+4 Dex+2}
MPRegen  0.27/turn              M - ring of protection from magic

@: statue-form, very slightly contaminated, regenerating (expiring), hasted and
slowed, invisible, very slow
A: (walk through water), unfitting armour, unbreathing, cold-blooded, AC +16
}: 2/15 runes: serpentine, barnacled
a: End Transformation, Renounce Religion


You were on level 2 of the Depths.
You worshipped Vehumet.
Vehumet was exalted by your worship.
You were not hungry.
You were a stone statue.
You visited 8 branches of the dungeon, and saw 38 of its levels.
You also visited: Labyrinth and Ice Cave.

You collected 4026 gold pieces.
You spent 3793 gold pieces at shops.

Inventory:

Hand Weapons
 X - the +7 hunting sling "Jellybane" {flame, +Blink rElec}
   (You found it in an ice cave)

   It causes projectiles fired from it to burn those they strike, causing extra
   injury to most foes and up to half again as much damage against particularly
   susceptible opponents.
   It insulates you from electricity.
   It lets you blink.
Missiles
 j - 17 arrows
Armour
 z - a +2 pair of gloves of strength (melded)
 A - a +1 cloak of invisibility
 D - a +2 pair of boots (melded)
 I - the +1 cloak of Fun (worn) {Regen+ Slay+5}
   (You found it on level 4 of the Vaults)

   It affects your accuracy and damage with ranged weapons and melee attacks
   (+5).
   It increases your rate of regeneration.
 L - a +2 shield of reflection (worn)
 P - a +1 hat of magic resistance (worn)
 Y - the -1 hat of the Depths {rC++ Int+5 Stlth+}
   (You found it on level 1 of the Vaults)

   It affects your intelligence (+5).
   It greatly protects you from cold.
   It makes you more stealthy.
Jewellery
 v - the ring "Mac Wutucee" {rCorr Slay+3}
   (You acquired it on level 11 of the Dungeon)

   [ring of resist corrosion]

   It affects your accuracy and damage with ranged weapons and melee attacks
   (+3).
 E - the ring of Sunlight (left hand) {rF+ Str+4 Dex+2}
   (You took it off a crimson imp on level 13 of the Dungeon)

   [ring of dexterity]

   It affects your strength (+4).
   It affects your dexterity (+2).
   It protects you from fire.
 M - a ring of protection from magic (right hand)
 W - an amulet of regeneration (around neck)
Wands
 a - a wand of digging (3)
 f - a wand of paralysis (16)
 i - a wand of iceblast (30)
 m - a wand of disintegration (12)
 B - a wand of scattershot (11)
 C - a wand of acid (4)
Scrolls
 d - a scroll of summoning
 h - a scroll of amnesia
 k - 15 scrolls of teleportation
 p - 2 scrolls of magic mapping
 t - 17 scrolls of identify
 x - 2 scrolls of blinking
 G - 7 scrolls of fog
 S - 15 scrolls of remove curse
Potions
 e - 4 potions of magic
 g - a potion of might
 l - 3 potions of cancellation
 n - 14 potions of curing
 o - 2 potions of ambrosia
 q - 8 potions of resistance
 u - 6 potions of berserk rage
 J - 3 potions of haste
 K - a potion of flight
 Q - 10 potions of heal wounds
 V - 3 potions of mutation
Miscellaneous
 H - a fan of gales
 N - a lamp of fire
 O - a lamp of fire
 R - a lamp of fire
 T - a phial of floods
Comestibles
 c - 71 rations


   Skills:
 - Level 15.0 Fighting
 - Level 10.0 Dodging
 + Level 12.0 Shields
 - Level 16.0 Unarmed Combat
 + Level 15.5 Spellcasting
 - Level 6.0 Conjurations
 - Level 4.0 Charms
 - Level 5.0 Summonings
 - Level 4.0 Necromancy
 - Level 10.7 Transmutations
 - Level 4.0 Ice Magic
 - Level 4.0 Air Magic
 + Level 21.1 Earth Magic
 - Level 5.0 Evocations


You had 7 spell levels left.
You knew the following spells:

 Your Spells              Type           Power        Failure   Level  Hunger
a - Beastly Appendage     Tmut           ######       1%          1    None
b - Sticks to Snakes      Tmut           ######..     1%          2    None
c - Ice Form              Ice/Tmut       ######..     2%          4    None
d - Blade Hands           Tmut           ######....   1%          5    ##.....
e - Regeneration          Chrm/Necr      #####.....   2%          3    None
f - Conjure Flame         Conj/Fire      ####....     1%          3    None
g - Vampiric Draining     Necr           #####.....   2%          3    None
h - Statue Form           Tmut/Erth      ######...    1%          6    ####...
i - Summon Lightning Spi  Summ/Air       #####...     8%          4    None
j - Blink                 Tloc           N/A          7%          2    None
k - Ozocubu's Armour      Chrm/Ice       #####...     2%          3    None
l - Shroud of Golubria    Chrm/Tloc      ####......   3%          2    None
m - Iron Shot             Conj/Erth      ######....   1%          6    ####...


Dungeon Overview and Level Annotations

Branches:
Dungeon (15/15)            Temple (1/1) D:4            Lair (6/6) D:9
 Shoals (4/4) Lair:4        Snake (4/4) Lair:3        Slime (0/5) Lair:6
    Orc (2/2) D:9             Elf (0/3) Orc:2        Vaults (4/5) D:14
  Crypt (0/3) Vaults:2     Depths (2/5) D:15

Altars:
Ashenzari
Cheibriados
Dithmenos
Elyvilon
Fedhas
Gozag
Hepliaklqana
Kikubaaqudgha
Makhleb
Nemelex Xobeh
Okawaru
Qazlal
Ru
Sif Muna
Trog
Uskayaw
Vehumet
Xom
Yredelemnul
Zin
Beogh
Jiyva

Shops:
D:4 *   D:11 *   Orc:1 }   Orc:2 *}=:[   Shoals:4 ?   Snake:3 [   Vaults:3 %(((
Vaults:4 ![}[   Depths:1 *[

Portals:
Hell: Depths:1

Annotations:
D:2 1 exclusion, Sigmund
D:3 1 exclusion
Lair:1 exclusion: oklob plant
Shoals:2 exclusion: downstairs
Snake:3 exclusion: downstairs


Innate Abilities, Weirdness & Mutations

((You can walk through water.))
((Your dull iron-grey scales are very hard. (AC +16)))
You cannot fit into any form of body armour.
You can survive without breathing.
You are cold-blooded and may be slowed by cold attacks.


Message History

Unknown command.
You strike the helpless stone giant simulacrum from behind!
You punch the stone giant simulacrum!
The stone giant simulacrum is lightly damaged.
Your skin is crawling a little less now.
The rakshasa blinks!
Unknown command.
You pummel the green very ugly thing!!
The green very ugly thing is heavily wounded.
You feel yourself speed up. The green very ugly thing misses you.
The stone giant simulacrum barely misses you.
You block the very ugly thing simulacrum's attack.
The green very ugly thing misses you.
You eat one of the 72 rations.
That ration really hit the spot!
The stone giant simulacrum hits you!
* * * LOW HITPOINT WARNING * * *
The stone giant simulacrum freezes you!!!
You feel yourself slow down.
You die...

#................#
#..........##.....
#R..$......# .##..
#........... .# .
#............ .
#.........#....
#Z........
#ZZ§...... #8#
....$. #u##......
#(........
#Z.Z......
#Z........
#.........
#.........
#########..(..#...
...........#......


You could see a green very ugly thing, a rakshasa, 2 very ugly thing simulacra,
a stone giant simulacrum, a tengu reaver zombie, a stone giant skeleton and a
frost giant skeleton.

Vanquished Creatures
  A lich (Vaults:1)
  2 sphinxes
  2 krakens (Shoals:3)
  Ilsuiw (Shoals:4)
  8 nagarajas
  The ghost of Nib the Unseen, an adept SpEn of Dithmenos (Shoals:4)
  3 fire giants
  2 tengu reavers
  4 frost giants
  A revenant (Vaults:2)
  5 vault wardens
  Aizul (Snake:1)
  Louise (Shoals:3)
  A curse skull (Vaults:2)
  An orc warlord (Vaults:4)
  A deep elf elementalist (Vaults:4)
  10 ironheart preservers
  An entropy weaver (Vaults:4)
  24 very ugly things
  A vampire knight (Vaults:2)
  10 stone giants
  3 spark wasps
  A deep elf annihilator (Vaults:4)
  A minotaur (Lab)
  10 merfolk impalers
  4 fire dragons
  2 ettins
  Josephine (D:10)
  The ghost of Leszczynek the Grappler, a journeyman TrSk of Makhleb (D:13)
  3 merfolk javelineers (Shoals:4)
  11 ogre magi
  7 yaktaur captains
  4 great orbs of eyes
  7 hydras
  7 vault guards
  5 ice dragons
  23 naga warriors
  7 anacondas
  2 rakshasas
  A merfolk avatar (Shoals:4)
  9 centaur warriors
  A catoblepas (Shoals:1)
  11 merfolk aquamancers
  4 death knights
  33 two-headed ogres
  3 satyrs
  2 tengu warriors
  4 deep troll earth magi
  A vampire mage (Vaults:2)
  Urug (D:12)
  6 deep troll shamans
  8 shock serpents
  2 hell hogs (Depths:1)
  10 naga sharpshooters
  An orc high priest (Orc:2)
  2 salamander mystics
  6 deep elf knights
  A titan skeleton (Depths:1)
  2 hell knights (Depths:2)
  5 iron trolls
  2 shadow wraiths
  11 sea snakes
  An unseen horror (D:12)
  8 skeletal warriors
  2 flayed ghosts
  16 deep trolls
  2 deep elf archers
  5 wizards
  3 naga ritualists
  A tengu zombie (Depths:1)
  16 harpies
  13 ironbrand convokers
  3 phantasmal warriors
  A wolf spider (shapeshifter) (Vaults:1)
  13 orc knights
  4 mana vipers
  3 orc sorcerers
  A wolf spider zombie (Vaults:1)
  5 necromancers
  2 wolf spiders
  10 cyclopes
  4 deep elf magi
  9 salamanders
  13 fauns
  A fire giant skeleton (Vaults:1)
  13 manticores
  4 elephants (Lair:3)
  14 merfolk sirens
  2 stone giant zombies (Depths:1)
  42 ugly things
  3 ice statues (IceCv)
  13 vault sentinels
  26 naga magi
  34 black mambas
  A human skeleton (Vaults:1)
  5 guardian serpents
  3 water nymphs
  A gargoyle (D:11)
  3 rime drakes
  21 spiny frogs
  A rime drake (shapeshifter) (Vaults:3)
  5 komodo dragons
  2 yaktaur zombies
  8 ice devils (IceCv)
  An efreet (D:15)
  5 freezing wraiths
  3 kobold demonologists
  6 tengu conjurers
  14 trolls
  32 yaktaurs
  A golden dragon simulacrum (Depths:1)
  2 jumping spiders (Vaults:4)
  20 merfolk
  A meliai (shapeshifter) (Vaults:3)
  4 wind drakes
  A jumping spider (shapeshifter) (D:12)
  2 hornets (shapeshifter)
  A polar bear (Lair:3)
  3 tyrant leeches (Lair:6)
  7 hippogriffs
  3 meliai (D:15)
  An ettin zombie (Vaults:1)
  17 slime creatures
  4 dream sheep (Shoals:4)
  2 hornets
  30 blink frogs
  2 ice dragon zombies (Depths:1)
  9 snapping turtles
  5 shadows
  4 redbacks
  17 water elementals
  2 spriggans
  A tarantella (shapeshifter) (D:12)
  A vampire (D:15)
  8 wraiths
  45 yaks
  3 basilisks (Shoals:1)
  A steam dragon (D:9)
  5 hungry ghosts
  12 vampire mosquitoes
  55 nagas
  A yaktaur simulacrum (Vaults:1)
  7 wargs
  A soldier ant (D:14)
  8 porcupines
  8 hell hounds (Depths:1)
  A soldier ant (shapeshifter) (Vaults:4)
  16 water moccasins
  An ogre skeleton (Vaults:1)
  Duvessa (D:5)
  An acid dragon (Vaults:1)
  4 ice beasts
  22 orc warriors
  3 black bears
  An eye of draining (D:12)
  2 human zombies
  48 ogres
  3 sky beasts
  17 wolves
  3 phantoms
  An orc skeleton (Vaults:1)
  5 boggarts
  9 centaurs
  10 crocodiles
  6 big kobolds
  36 bullfrogs
  3 gnoll sergeants
  A human simulacrum (Vaults:1)
  3 wyvern skeletons
  A water moccasin zombie (D:8)
  Dowan (D:5)
  2 scorpions
  A water moccasin skeleton (D:6)
  5 killer bees (D:13)
  21 wights
  2 howler monkeys
  4 electric eels
  11 crimson imps
  5 bullfrog zombies
  2 quasits
  2 draconian simulacra (IceCv)
  15 hounds
  8 jellies
  A bullfrog skeleton (D:12)
  8 centaur skeletons
  16 orc priests
  29 orc wizards
  Terence (D:2)
  Crazy Yiuf (D:3)
  4 iguanas
  13 worker ants
  Natasha (D:1)
  4 troll simulacra (IceCv)
  2 centaur simulacra (IceCv)
  A hound zombie (D:8)
  A hound skeleton (D:8)
  A mummy (D:5)
  3 worker ant zombies
  11 gnolls
  A howler monkey skeleton (D:8)
  A naga simulacrum (IceCv)
  An ogre simulacrum (IceCv)
  10 adders
  3 shadow imps
  17 oozes
  An adder skeleton (D:5)
  4 worms
  2 dart slugs
  5 leopard geckos
  100 orcs
  8 giant cockroaches
  7 hobgoblins
  16 jackals
  19 kobolds
  3 quokkas
  4 ball pythons
  6 bats
  A frilled lizard (D:1)
  A giant cockroach zombie (D:3)
  5 goblins
  3 hobgoblin zombies (D:5)
  A leopard gecko skeleton (D:4)
  An orc zombie (D:5)
  A quokka skeleton (D:4)
  2 quokka zombies
  13 rats
  2 plants (Shoals:3)
  6 tentacles (Shoals:3)
  A withered plant (Shoals:1)
1617 creatures vanquished.

Vanquished Creatures (collateral kills)
  A very ugly thing (D:15)
  Edmund (D:5)
  An ogre (D:4)
  An adder (D:2)
  A jackal (D:2)
5 creatures vanquished.

Vanquished Creatures (others)
  A shadow wraith (Vaults:4)
  2 black mambas (Snake:2)
  A yaktaur (Depths:1)
  A bush (Shoals:2)
  11 fungi
  25 plants
  27 tentacles (Shoals:3)
68 creatures vanquished.

Grand Total: 1690 creatures vanquished

Notes
Turn   | Place    | Note
-------+----------+-------------------------------------------
     0 | D:1      | erloom the Draconian Transmuter began the quest for the Orb.
     0 | D:1      | Reached XP level 1. HP: 16/16 MP: 3/3
   214 | D:1      | Reached XP level 2. HP: 6/23 MP: 0/6
   564 | D:1      | Reached XP level 3. HP: 20/28 MP: 7/7
  1021 | D:2      | Learned a level 2 spell: Sticks to Snakes
  1289 | D:2      | Noticed Terence
  1316 | D:2      | Killed Terence
  1316 | D:2      | Reached XP level 4. HP: 9/35 MP: 1/8
  1616 | D:2      | Noticed Sigmund
  1992 | D:2      | Noticed Natasha
  2163 | D:1      | Killed Natasha
  2879 | D:3      | Reached XP level 5. HP: 28/40 MP: 4/9
  3221 | D:3      | Learned a level 4 spell: Ice Form
  3381 | D:3      | Found a runed door.
  3452 | D:3      | Reached skill level 5 in Transmutations
  3541 | D:4      | Found a staircase to the Ecumenical Temple.
  3614 | Temple   | Entered the Ecumenical Temple
  3685 | Temple   | Became a worshipper of Vehumet
  3860 | D:4      | Noticed an ogre
  3895 | D:4      | Killed an ogre
  3895 | D:4      | Reached XP level 6. HP: 47/47 MP: 6/10
  3940 | D:4      | Found an opulent altar of Gozag.
  3940 | D:4      | Found Gozag's Platinum Reserve.
  4001 | D:4      | Found a bloodstained altar of Trog.
  4005 | D:4      | Found a hide-covered altar of Uskayaw.
  4815 | D:5      | Entered Level 5 of the Dungeon
  4842 | D:4      | Reached skill level 5 in Unarmed Combat
  4928 | D:5      | Your scales start taking on a dull iron-grey colour.
  4928 | D:5      | Reached XP level 7. HP: 11/52 MP: 2/11
  4928 | D:5      | Gained mutation: You can survive without breathing. [Grey Draconian growth]
  5260 | D:5      | Reached * piety under Vehumet
  5260 | D:5      | Offered knowledge of Magic Dart by Vehumet.
  5278 | D:5      | Found an opulent altar of Gozag.
  5755 | D:5      | Learned a level 5 spell: Blade Hands
  5960 | D:5      | Found a shattered altar of Ashenzari.
  6043 | D:5      | Noticed Edmund
  6062 | D:5      | Killed Edmund
  6101 | D:5      | Reached XP level 8. HP: 59/59 MP: 8/12
  6180 | D:5      | Found a hazy altar of Hepliaklqana.
  6203 | D:5      | Noticed Duvessa
  6208 | D:5      | Noticed Dowan
  6232 | D:5      | Killed Duvessa
  6240 | D:5      | Killed Dowan
  6663 | D:6      | Offered knowledge of Flame Tongue by Vehumet.
  6670 | D:6      | Reached ** piety under Vehumet
  7058 | D:6      | Reached skill level 5 in Spellcasting
  7523 | D:7      | Reached XP level 9. HP: 61/64 MP: 13/18
  7821 | D:7      | Offered knowledge of Ignite Poison by Vehumet.
  7861 | D:7      | Found a burning altar of Makhleb.
  8025 | D:7      | Found an ancient bone altar of Kikubaaqudgha.
  8111 | D:7      | Reached *** piety under Vehumet
  8200 | D:7      | Reached skill level 10 in Transmutations
  8436 | D:8      | Reached skill level 1 in Ice Magic
  8687 | D:8      | Got a dazzling falchion
  8723 | D:8      | Identified the +11 falchion of the Sun {freeze, rC+ Str+5} (You found it on level 8 of the Dungeon)
  8739 | D:8      | Offered knowledge of Fulminant Prism by Vehumet.
  9196 | D:9      | Noticed a troll
  9205 | D:9      | Reached XP level 10. HP: 70/78 MP: 16/20
  9248 | D:9      | Reached **** piety under Vehumet
  9283 | D:9      | Reached skill level 5 in Fighting
  9486 | D:9      | Offered knowledge of Bolt of Draining by Vehumet.
  9487 | D:9      | Found a staircase to the Lair.
  9637 | D:9      | Noticed a two-headed ogre
  9647 | D:9      | Killed a two-headed ogre
  9848 | D:9      | Found a staircase to the Orcish Mines.
  9886 | D:9      | Got a faintly glowing trident
  9888 | D:9      | Identified the cursed +1 trident "Urukk" {pierce, +Rage} (You found it on level 9 of the Dungeon)
  9989 | D:9      | Found a shimmering altar of Xom.
 10387 | D:10     | Entered Level 10 of the Dungeon
 10616 | D:10     | Noticed Josephine
 10623 | D:10     | Killed Josephine
 10720 | D:10     | Reached XP level 11. HP: 75/94 MP: 21/21
 11194 | D:10     | Paralysed by a hornet for 1 turns
 11622 | Lair:1   | Entered Level 1 of the Lair of Beasts
 12098 | Lair:1   | Reached ***** piety under Vehumet
 12098 | Lair:1   | Offered knowledge of Sticky Flame by Vehumet.
 12160 | Lair:1   | Found a radiant altar of Vehumet.
 12467 | Lair:1   | Noticed an oklob plant
 12493 | Lair:1   | Reached skill level 10 in Unarmed Combat
 12538 | Lair:2   | Noticed a five-headed hydra
 12582 | Lair:2   | Reached skill level 5 in Dodging
 12582 | Lair:2   | Reached XP level 12. HP: 110/110 MP: 22/22
 12846 | Lair:2   | Killed a five-headed hydra
 13155 | Lair:2   | Found a frozen archway.
 13164 | IceCv    | Entered an ice cave
 13574 | IceCv    | Reached XP level 13. HP: 118/118 MP: 20/24
 13582 | IceCv    | Got a slimy flail
 13591 | IceCv    | Got a dazzling hunting sling
 14168 | Lair:3   | Offered knowledge of Bolt of Cold by Vehumet.
 14639 | Lair:3   | Learned a level 3 spell: Regeneration
 14703 | Lair:3   | Reached skill level 1 in Necromancy
 14708 | Lair:3   | Reached skill level 1 in Charms
 14968 | Lair:3   | Found a staircase to the Snake Pit.
 15739 | Lair:4   | Found a staircase to the Shoals.
 15997 | Lair:4   | Identified the +5 flail of Qyax {pain, Dex+3} (You found it in an ice cave)
 15998 | Lair:4   | Identified the +7 hunting sling "Jellybane" {flame, +Blink rElec} (You found it in an ice cave)
 17044 | Lair:6   | Entered Level 6 of the Lair of Beasts
 17137 | Lair:6   | Found a staircase to the Slime Pits.
 17137 | Lair:6   | Found a viscous altar of Jiyva.
 17150 | Lair:5   | Reached skill level 10 in Dodging
 17191 | Lair:5   | Offered knowledge of Poison Arrow by Vehumet.
 17272 | Lair:5   | Reached skill level 1 in Shields
 17539 | Lair:5   | Reached XP level 14. HP: 50/126 MP: 12/27
 18180 | Lair:6   | Reached skill level 10 in Spellcasting
 18698 | Lair:6   | Reached skill level 5 in Shields
 19839 | D:3      | Noticed Crazy Yiuf
 19849 | D:3      | Killed Crazy Yiuf
 20217 | D:11     | Found a shattered altar of Ashenzari.
 20278 | D:11     | Offered knowledge of Lightning Bolt by Vehumet.
 20299 | D:11     | Found Luuwed's General Store.
 20302 | D:11     | Bought a ration for 50 gold pieces
 20302 | D:11     | Bought a scroll of teleportation for 30 gold pieces
 20302 | D:11     | Bought a scroll of identify for 20 gold pieces
 20302 | D:11     | Bought a scroll of fear for 35 gold pieces
 20305 | D:11     | Identified a scroll of acquirement
 20310 | D:11     | Got a flickering golden ring
 20313 | D:11     | Identified the ring "Mac Wutucee" {rCorr Slay+3} (You acquired it on level 11 of the Dungeon)
 21331 | D:12     | Noticed Urug
 21343 | D:12     | Killed Urug
 21415 | D:12     | Got a shimmering ivory ring
 21418 | D:12     | Identified the ring of Qosch {MP+9 Str+8} (You found it on level 12 of the Dungeon)
 22206 | D:12     | Noticed a tengu reaver
 22214 | D:12     | Killed a tengu reaver
 22240 | D:12     | Identified the Handbook of Captivating Enhancements
 22663 | D:12     | Learned a level 3 spell: Conjure Flame
 22667 | D:12     | Learned a level 3 spell: Vampiric Draining
 22875 | Orc:1    | Entered Level 1 of the Orcish Mines
 23040 | Orc:2    | Entered Level 2 of the Orcish Mines
 23040 | Orc:2    | Found a staircase to the Elven Halls.
 23346 | Orc:1    | Reached XP level 15. HP: 33/133 MP: 13/32
 24467 | Orc:1    | Offered knowledge of Conjure Ball Lightning by Vehumet.
 24479 | Orc:2    | Found Juch's Book Shop.
 24819 | Orc:2    | Bought a book of Transfigurations for 550 gold pieces
 24827 | Orc:2    | Learned a level 6 spell: Statue Form
 24838 | Orc:2    | Found Cerif's Armour Boutique.
 24862 | Orc:1    | Reached skill level 1 in Earth Magic
 24962 | Orc:2    | Found Zethedar's Jewellery Emporium.
 24965 | Orc:2    | Found Xegrabur's Gadget Shop.
 24966 | Orc:2    | Found Rileaxte's Assorted Antiques.
 25001 | Orc:2    | Reached skill level 2 in Earth Magic
 25055 | Orc:2    | Bought a runed scarf for 200 gold pieces
 25093 | Orc:2    | Reached skill level 3 in Earth Magic
 25227 | Orc:1    | Found Awidgh's Gadget Boutique.
 25434 | Orc:2    | Found a runed door.
 25523 | Orc:2    | Reached skill level 4 in Earth Magic
 25565 | Orc:2    | Found a roughly hewn altar of Beogh.
 25970 | Orc:2    | Bought a book of the Sky for 650 gold pieces
 25978 | Orc:2    | Learned a level 4 spell: Summon Lightning Spire
 26315 | D:13     | Noticed Leszczynek's ghost (journeyman TrSk)
 26330 | D:13     | Killed Leszczynek's ghost
 26330 | D:13     | Reached skill level 5 in Earth Magic
 26330 | D:13     | Reached skill level 1 in Evocations
 26499 | D:13     | Got a fine tin ring
 26510 | D:13     | Identified the ring of Sunlight {rF+ Str+4 Dex+2} (You took it off a crimson imp on level 13 of the Dungeon)
 26655 | D:13     | Reached skill level 1 in Conjurations
 26775 | D:14     | Reached skill level 6 in Earth Magic
 27096 | D:14     | Reached ****** piety under Vehumet
 27096 | D:14     | Reached skill level 7 in Earth Magic
 27131 | D:14     | Reached skill level 8 in Earth Magic
 27246 | D:14     | Found a gate to the Vaults.
 27264 | D:14     | Offered knowledge of Bolt of Fire by Vehumet.
 27658 | D:15     | Entered Level 15 of the Dungeon
 27667 | D:15     | Reached skill level 9 in Earth Magic
 27707 | D:15     | Found a labyrinth entrance.
 27723 | Lab      | Entered a labyrinth
 27873 | Lab      | Reached skill level 10 in Earth Magic
 27887 | Lab      | Got a polished flail
 27951 | D:15     | Identified the +5 flail "Killer Bee's Death" {crush, rElec} (You found it in a labyrinth)
 28471 | D:15     | Found a sacrificial altar of Ru.
 28534 | D:15     | Found a staircase to the Depths.
 28534 | D:15     | Noticed a fire giant
 28576 | D:15     | Killed a fire giant
 29273 | D:15     | Reached XP level 16. HP: 139/139 MP: 28/34
 29531 | Snake:1  | Entered Level 1 of the Snake Pit
 29540 | Snake:1  | Reached skill level 11 in Earth Magic
 29864 | Snake:1  | Offered knowledge of Ozocubu's Refrigeration by Vehumet.
 30340 | Snake:2  | Noticed Aizul
 30358 | Snake:1  | Killed Aizul
 30358 | Snake:1  | Reached skill level 12 in Earth Magic
 30728 | Snake:2  | Found the +7 Singing Sword
 30920 | Snake:2  | Reached skill level 13 in Earth Magic
 31298 | Snake:2  | Learned a level 2 spell: Blink
 32211 | Snake:3  | Offered knowledge of Lehudib's Crystal Spear by Vehumet.
 32211 | Snake:3  | Offered knowledge of Glaciate by Vehumet.
 32211 | Snake:3  | Offered knowledge of Chain Lightning by Vehumet.
 32216 | Snake:3  | Learned a level 3 spell: Ozocubu's Armour
 32903 | Snake:3  | Found Xerhiof's Armour Emporium.
 32913 | Snake:3  | Bought a +1 pair of gloves of strength for 214 gold pieces
 33157 | Snake:3  | Reached skill level 1 in Summonings
 34015 | Snake:4  | Entered Level 4 of the Snake Pit
 34227 | Snake:4  | Reached XP level 17. HP: 86/146 MP: 26/35
 34385 | Snake:4  | Reached skill level 5 in Summonings
 34600 | Snake:4  | Upgraded the game from 0.22-a0-374-g5dfd9e3 to 0.22-a0-377-g846bec1
 34940 | Snake:4  | Reached skill level 1 in Air Magic
 36184 | Snake:4  | Reached skill level 15 in Fighting
 36373 | Snake:4  | Learned a level 2 spell: Shroud of Golubria
 36380 | Snake:4  | Learned a level 6 spell: Iron Shot
 36478 | Snake:4  | Got a serpentine rune of Zot
 36899 | Shoals:1 | Entered Level 1 of the Shoals
 38444 | Shoals:2 | Reached skill level 14 in Earth Magic
 39432 | Shoals:3 | Noticed a kraken
 39518 | Shoals:2 | Reached XP level 18. HP: 163/163 MP: 36/36
 39936 | Shoals:3 | Got a crude spear
 40086 | Shoals:3 | Reached skill level 15 in Earth Magic
 40642 | Shoals:4 | Entered Level 4 of the Shoals
 40694 | Shoals:4 | Found Waquvakk's Magic Scroll Boutique.
 40697 | Shoals:4 | Bought a scroll of teleportation for 57 gold pieces
 40697 | Shoals:4 | Bought a scroll of identify for 38 gold pieces
 40697 | Shoals:4 | Bought a scroll of teleportation for 57 gold pieces
 40697 | Shoals:4 | Bought a scroll of identify for 38 gold pieces
 40697 | Shoals:4 | Bought a scroll of teleportation for 57 gold pieces
 40697 | Shoals:4 | Bought a scroll of identify for 38 gold pieces
 40697 | Shoals:4 | Bought a scroll of fog for 38 gold pieces
 41051 | Shoals:4 | Noticed Nib's ghost (adept SpEn)
 41094 | Shoals:4 | Killed Nib's ghost
 41208 | Shoals:4 | Reached skill level 15 in Unarmed Combat
 41235 | Shoals:4 | Got a glittering ivory amulet
 41236 | Shoals:4 | Identified the amulet of the Queen {Inacc Int+5} (You found it on level 4 of the Shoals)
 41251 | Shoals:4 | Noticed Louise
 41265 | Shoals:3 | Killed Louise
 41282 | Shoals:4 | Reached skill level 16 in Earth Magic
 41455 | Shoals:4 | Got a barnacled rune of Zot
 41622 | Shoals:4 | Got a fine hand crossbow
 41625 | Shoals:4 | Identified the +6 spear of the People {protect, *Noise rN+ Stlth+} (You found it on level 3 of the Shoals)
 41626 | Shoals:4 | Identified the cursed +3 hand crossbow "Maozept" {penet, rC+} (You took it off a merfolk on level 4 of the Shoals)
 41711 | Shoals:4 | Noticed Ilsuiw
 42067 | Shoals:4 | Killed Ilsuiw
 42364 | Lair:4   | Upgraded the game from 0.22-a0-377-g846bec1 to 0.22-a0-379-ga9d99d6
 42611 | Vaults:1 | Entered Level 1 of the Vaults
 43030 | Vaults:1 | Reached XP level 19. HP: 170/170 MP: 35/37
 43240 | Vaults:1 | Reached skill level 17 in Earth Magic
 43441 | Vaults:1 | Reached skill level 5 in Evocations
 44416 | Vaults:1 | Found a radiant altar of Vehumet.
 44426 | Vaults:1 | Reached skill level 18 in Earth Magic
 44497 | Vaults:1 | Found the +5 robe of Night {Dark MR+ SInv}
 44510 | Vaults:1 | Got a transparent hat
 44512 | Vaults:1 | Identified the -1 hat of the Depths {rC++ Int+5 Stlth+} (You found it on level 1 of the Vaults)
 45991 | Vaults:2 | Found a staircase to the Crypt.
 46335 | Vaults:3 | Found Pijaiblu's Antique Weapon Shop.
 46360 | Vaults:3 | Found Beduj's Weapon Emporium.
 46365 | Vaults:3 | Found Doycsif's Weapon Shop.
 46434 | Vaults:3 | Found Raruts's Food Shoppe.
 46437 | Vaults:3 | Bought a ration for 50 gold pieces
 46437 | Vaults:3 | Bought a ration for 50 gold pieces
 46437 | Vaults:3 | Bought a ration for 50 gold pieces
 46437 | Vaults:3 | Bought a ration for 50 gold pieces
 46437 | Vaults:3 | Bought a ration for 50 gold pieces
 46517 | Vaults:3 | Reached XP level 20. HP: 178/178 MP: 38/38
 46748 | Vaults:3 | Reached skill level 15 in Spellcasting
 46757 | Vaults:3 | Reached skill level 19 in Earth Magic
 47729 | Vaults:4 | Noticed a golden dragon
 47747 | Vaults:4 | Found Tiku Roc's Gadget Boutique.
 47956 | Vaults:4 | Reached skill level 5 in Conjurations
 48007 | Vaults:4 | Got a scorched cloak
 48010 | Vaults:4 | Identified the +1 cloak of Fun {Regen+ Slay+5} (You found it on level 4 of the Vaults)
 48298 | Vaults:4 | Found Dadimoil's Armour Shop.
 48367 | Vaults:4 | Found Guijinit's Distillery.
 48375 | Vaults:4 | Bought a potion of might for 64 gold pieces
 48375 | Vaults:4 | Bought a potion of resistance for 160 gold pieces
 48375 | Vaults:4 | Bought a potion of heal wounds for 80 gold pieces
 48375 | Vaults:4 | Bought a potion of curing for 48 gold pieces
 48375 | Vaults:4 | Bought 2 potions of haste for 320 gold pieces
 48375 | Vaults:4 | Bought a potion of mutation for 128 gold pieces
 48375 | Vaults:4 | Bought a potion of curing for 48 gold pieces
 48375 | Vaults:4 | Bought a potion of heal wounds for 80 gold pieces
 48375 | Vaults:4 | Bought a potion of heal wounds for 80 gold pieces
 48375 | Vaults:4 | Bought a potion of resistance for 160 gold pieces
 48375 | Vaults:4 | Bought a potion of curing for 48 gold pieces
 48641 | Vaults:4 | Found Ciarph's Antique Armour Emporium.
 48790 | Vaults:4 | Reached skill level 10 in Shields
 48800 | Vaults:4 | Reached skill level 20 in Earth Magic
 49192 | Depths:1 | Entered Level 1 of the Depths
 49567 | D:15     | HP: 5/231 [white very ugly thing (49)]
 49701 | D:15     | Reached XP level 21. HP: 184/184 MP: 40/40
 49714 | Depths:1 | Found an ancient bone altar of Kikubaaqudgha.
 50520 | Depths:1 | Found Obylaaf's Armour Boutique.
 50706 | Depths:1 | Found a white marble altar of Elyvilon.
 50712 | Depths:1 | Found Uvoc's Hallowed Reliquary.
 50717 | Depths:1 | Bought a potion of heal wounds for 85 gold pieces
 50717 | Depths:1 | Bought a potion of heal wounds for 85 gold pieces
 50717 | Depths:1 | Bought a potion of heal wounds for 85 gold pieces
 50741 | Depths:1 | Reached skill level 21 in Earth Magic
 50769 | Depths:1 | Found a gateway to Hell.
 51128 | Depths:2 | Demolished by a stone giant simulacrum

Vault maps used:
D:1:      onia_arrival_pentagram, minivault_5
D:2:      uniq_terence, uniq_sigmund, uniq_natasha
D:3:      uniq_crazy_yiuf_cottage
D:4:      grunt_temple_overflow_open, temple_fountains,
          nicolae_gozag_zags_fifth_avenue
D:5:      old_standard_altar, lemuel_round_altar,
          nicolae_overflow_hidden_temple, gup_sewer_entry_bowl, first_ration,
          minmay_mini_ossuary, uniq_duvessa, uniq_edmund
D:6:      minmay_strange_pillars
D:7:      makhleb_heckhound_becter, basic_altar, minmay_door_square, the_bakery
D:9:      erik_lair_island, orc_0_dummy, basic_altar
D:10:     uniq_josephine
D:11:     serial_shops, nicolae_shop_window_shopping, evilmike_ruin_ashenzari
D:12:     evilmike_diamond_1, uniq_urug
D:13:     kennysheep_generic_room_14
D:14:     hangedman_vaults_entry_quadrant_bands, hangedman_decor_push
D:15:     grunt_enter_depths_giant_problem, lab_entry_generic,
          grunt_ministairs_6, nicolae_ru_sacrificial_ziggurat
Temple:   eino_temple_scatter_basement
Lair:1:   lemuel_slime, basic_altar
Lair:2:   portal_ice_cave_rime
Lair:3:   guppyfry_snake_entry_garden
Lair:4:   minmay_shoals_entry_hut, st_stairs_4, serial_bayou_shore_a
Lair:5:   nicolae_quartered_pool_medium
Lair:6:   minmay_lair_end_frog_pond, slime_altar_1,
          grunt_forest_large_clearing_hut
Shoals:1: argonaut_gorgonesque
Shoals:2: yaktaur_hedge
Shoals:3: nicolae_shoals_water_shrine
Shoals:4: shoals_end_grunt_ice, shoal_ilsuiw, serial_shops,
          nicolae_shop_window_shopping, uniq_louise
Snake:2:  nicolae_snake_nest, serial_bayou_pond_d, spider_trap,
          hangedman_snake_corridor_cut, uniq_aizul
Snake:3:  serial_shops, shop, st_stairs_2
Snake:4:  snake_pit, basic_stair_grate_trap, grunt_megastairs_2
Orc:1:    serial_shops, nicolae_shop_behind_doors, nicolae_orc_rockfall
Orc:2:    st_orc_open, serial_shops, shop, lightli_church_of_beogh
Vaults:1: nicolae_vaults_little_squares_1, vaults_room_pools,
          grunt_tower_of_power, nicolae_vaults_asterisk,
          hangedman_vaults_stream, vaults_room_boxed, v_alt_pattern_5,
          nicolae_vaults_alarming, hangedman_vaults_stretched_pinwheel,
          v_misc_27
Vaults:2: minmay_crypt_entry_simple_statues, nicolae_vaults_hallways_thing,
          v_misc_28, nicolae_vaults_know_your_exits,
          nicolae_vaults_network_square, v_rooms_1,
          nicolae_vaults_little_squares_3, v_misc_18, grunt_vaults_focal,
          v_pattern_1, vaults_standard_mumra_enter_the_diamond,
          nicolae_vaults_shelves_hall, vaults_room_pools,
          grunt_vaults_hallway_short
Vaults:3: ontoclasm_vaults_water_temple, ontoclasm_vaults_bender,
          hangedman_vaults_river_flow, v_misc_25, vaults_room_stairs_pillars,
          nicolae_vaults_network_star, vaults_mumra_lcd,
          nicolae_vaults_windows_and_doors_thing,
          nicolae_vaults_little_squares_3, ontoclasm_vaults_fault,
          grunt_vaults_hallway_short, hangedman_vaults_slice,
          hangedman_vaults_locks, vaults_room_fours, serial_shops, shop_coins,
          shop, nicolae_shop_behind_doors, nicolae_shop_stone
Vaults:4: nicolae_vaults_minivaults, v_alt_pattern_2,
          vaults_room_grunt_arrival_checkpoint,
          vaults_standard_mumra_enter_the_diamond, vaults_room_door_hall,
          ontoclasm_vaults_misaligned, nicolae_vaults_specimen_jars,
          vaults_mumra_minichess_inversion, nicolae_vaults_sealed_display,
          ontoclasm_vaults_twist, nicolae_vaults_little_squares_6,
          vaults_room_pools, serial_shops, shop, shop, nicolae_shop_statue_plus,
          shop
Depths:1: serial_column_ruins, column_ruins_hut, column_ruins_temple_circle,
          column_ruins_corridor_corner, column_ruins_open_tiny,
          column_ruins_grid_1, column_ruins_grid_2, column_ruins_grid_2,
          serial_shops, shop_statue, hangedman_decor_opposing, grunt_hell_horde,
          nicolae_good_shop
Depths:2: cross_vault, grunt_hell_entry_dis_grunt, serial_bayou_pond_c,
          hangedman_decor_slide_cut
Lab:      nicolae_lab_plus, nicolae_lab_big_swirl, lab_hedge,
          labyrinth_skeletal_remains, nicolae_lab_do_over, nicolae_lab_swirl
IceCv:    ice_cave_tombish

Skill      XL: |  1  2  3  4  5  6  7  8  9 10 11 12 13 14 15 16 17 18 19 20 21 |
---------------+----------------------------------------------------------------+-----
Spellcasting   | 3 6 7 9 13 14 15 | 15.5
Transmutations | 3 4 5 8 9 10 | 10.7
Unarmed Combat | 4 5 6 8 10 13 15 16 | 16.0
Ice Magic      | 3 4 |  4.0
Fighting       | 4 7 11 12 15 | 15.0
Dodging        | 5 8 10 | 10.0
Necromancy     | 4 |  4.0
Charms         | 4 |  4.0
Shields        | 3 5 7 10 12 | 12.0
Earth Magic    | 10 13 14 16 18 20 21 | 21.1
Evocations     | 2 3 5 |  5.0
Conjurations   | 1 6 |  6.0
Summonings     | 4 5 |  5.0
Air Magic      | 2 4 |  4.0

Action                   |  1- 3 |  4- 6 |  7- 9 | 10-12 | 13-15 | 16-18 | 19-21 || total
-------------------------+-------+-------+-------+-------+-------+-------+-------++-------
Melee: Unarmed           |   128 |   290 |   639 |   459 |  1555 |  1482 |  1321 ||  5874
       Tailslap          |    12 |    29 |    69 |    53 |   167 |   194 |   191 ||   715
       Headbutt          |     3 |    13 |    38 |       |       |       |       ||    54
       Kick              |     2 |     9 |       |       |       |       |       ||    11
       Punch             |     1 |     3 |    11 |    13 |    41 |    36 |       ||   105
 Cast: Beastly Appendage |     8 |    14 |    19 |       |       |       |       ||    41
       Sticks to Snakes  |     3 |     4 |     3 |       |       |       |       ||    10
       Blade Hands       |       |       |    16 |    32 |   128 |    96 |     3 ||   275
       Ice Form          |       |       |       |     1 |     7 |       |       ||     8
       Regeneration      |       |       |       |       |    12 |    19 |    35 ||    66
       Conjure Flame     |       |       |       |       |     2 |       |       ||     2
       Statue Form       |       |       |       |       |       |    33 |    61 ||    94
       Ozocubu's Armour  |       |       |       |       |       |     4 |       ||     4
       Shroud of Golubri |       |       |       |       |       |     8 |     7 ||    15
       Iron Shot         |       |       |       |       |       |     8 |     2 ||    10
       Summon Lightning  |       |       |       |       |       |     2 |       ||     2
 Abil: End Transformatio |       |       |       |     2 |    14 |    10 |     6 ||    32
Evoke: Wand              |       |       |       |     1 |    11 |     6 |     1 ||    19
  Use: Scroll            |       |    11 |    11 |     6 |    20 |    11 |    11 ||    70
       Potion            |       |     2 |     1 |     1 |     4 |     5 |     4 ||    17
 Stab: Distracted        |     1 |       |     1 |       |       |     2 |       ||     4
       Sleeping          |       |     1 |     3 |       |       |       |     4 ||     8
       Paralysed         |       |       |       |     6 |       |       |       ||     6
       Invisible         |       |       |       |       |       |       |     1 ||     1
  Eat: Chunk             |     1 |    12 |    16 |    18 |    62 |    38 |    40 ||   187
       Ration            |       |       |     1 |     1 |     4 |     8 |     3 ||    17
Armor: Skin              |    40 |    95 |   243 |   204 |   567 |   682 |   808 ||  2639
Dodge: Dodged            |    81 |   167 |   308 |   221 |  1300 |  1304 |  1138 ||  4519
Block: Buckler           |       |       |       |       |    61 |   288 |   224 ||   573
       Shield            |       |       |       |       |       |       |   654 ||   654
       Reflection        |       |       |       |       |       |       |    17 ||    17

Table legend:
 A = Spawn XP
 B = Non-spawn XP
 C = Spawn XP percentage of total XP
 D = Spawn monster count
 E = Non-spawn monster count
 F = Spawn count percentage of total count
 G = Total turns spent on level
                    A         B        C        D         E        F      G
               +---------+---------+-------+---------+---------+-------+---------
         Total |       0 |  635468 |   0.0 |       0 |    1616 |   0.0 | 51128
               +---------+---------+-------+---------+---------+-------+---------
           D:1 |       0 |      96 |   0.0 |       0 |      29 |   0.0 |  1432
           D:2 |       0 |      67 |   0.0 |       0 |      16 |   0.0 |   990
           D:3 |       0 |     173 |   0.0 |       0 |      28 |   0.0 |  1302
           D:4 |       0 |     269 |   0.0 |       0 |      16 |   0.0 |  1218
           D:5 |       0 |    1149 |   0.0 |       0 |      43 |   0.0 |  1794
           D:6 |       0 |     956 |   0.0 |       0 |      21 |   0.0 |   790
           D:7 |       0 |    1290 |   0.0 |       0 |      28 |   0.0 |  1043
           D:8 |       0 |    1278 |   0.0 |       0 |      28 |   0.0 |   823
           D:9 |       0 |    3232 |   0.0 |       0 |      38 |   0.0 |  1850
          D:10 |       0 |    4348 |   0.0 |       0 |      32 |   0.0 |  1634
          D:11 |       0 |    7683 |   0.0 |       0 |      54 |   0.0 |  1080
          D:12 |       0 |   13083 |   0.0 |       0 |      47 |   0.0 |  1532
          D:13 |       0 |    5418 |   0.0 |       0 |      22 |   0.0 |   676
          D:14 |       0 |   10955 |   0.0 |       0 |      41 |   0.0 |  1057
          D:15 |       0 |   59754 |   0.0 |       0 |      83 |   0.0 |  2475
        Lair:1 |       0 |    3579 |   0.0 |       0 |      34 |   0.0 |  1328
        Lair:2 |       0 |    4892 |   0.0 |       0 |      18 |   0.0 |  1285
        Lair:3 |       0 |    8987 |   0.0 |       0 |      40 |   0.0 |   973
        Lair:4 |       0 |    2220 |   0.0 |       0 |      12 |   0.0 |   833
        Lair:5 |       0 |   12487 |   0.0 |       0 |      51 |   0.0 |  2016
        Lair:6 |       0 |   13621 |   0.0 |       0 |      50 |   0.0 |  1476
      Shoals:1 |       0 |   10556 |   0.0 |       0 |      23 |   0.0 |   986
      Shoals:2 |       0 |   15667 |   0.0 |       0 |      31 |   0.0 |  1603
      Shoals:3 |       0 |   27369 |   0.0 |       0 |      44 |   0.0 |  1213
      Shoals:4 |       0 |   38899 |   0.0 |       0 |      60 |   0.0 |  1636
       Snake:1 |       0 |    9662 |   0.0 |       0 |      17 |   0.0 |   870
       Snake:2 |       0 |   27741 |   0.0 |       0 |      53 |   0.0 |  1678
       Snake:3 |       0 |   20726 |   0.0 |       0 |      39 |   0.0 |  2027
       Snake:4 |       0 |   50559 |   0.0 |       0 |      86 |   0.0 |  2604
         Orc:1 |       0 |   11739 |   0.0 |       0 |      54 |   0.0 |  1423
         Orc:2 |       0 |   11091 |   0.0 |       0 |      54 |   0.0 |  1236
      Vaults:1 |       0 |   60318 |   0.0 |       0 |     105 |   0.0 |  2204
      Vaults:2 |       0 |   38781 |   0.0 |       0 |      62 |   0.0 |  1448
      Vaults:3 |       0 |   55430 |   0.0 |       0 |      97 |   0.0 |  1498
      Vaults:4 |       0 |   51965 |   0.0 |       0 |      74 |   0.0 |  1348
      Depths:1 |       0 |   34634 |   0.0 |       0 |      51 |   0.0 |   885
      Depths:2 |       0 |    7465 |   0.0 |       0 |       6 |   0.0 |    70
           Lab |       0 |    2394 |   0.0 |       0 |       7 |   0.0 |   226
         IceCv |       0 |    4935 |   0.0 |       0 |      22 |   0.0 |   477
               +---------+---------+-------+---------+---------+-------+---------
